 Dungeon Crawl Stone Soup version 0.30-a0-509-gd016549fea (webtiles) character file.

Game seed: 6229364652206764993

9188 Lobster4 the Cleaver (level 11, 0/100 HPs)
             Began as a Hill Orc Fighter on Dec 23, 2022.
             Was a High Priest of Fedhas.
             Slain by a komodo dragon (23 damage)
             ... on level 1 of the Lair of Beasts.
             The game lasted 00:33:33 (9107 turns).

Lobster4 the Cleaver (Hill Orc Fighter)             Turns: 9107, Time: 00:33:33

Health: 0/100      AC: 24    Str: 24    XL:     11   Next: 42%
Magic:  15/15      EV:  7    Int:  8    God:    Fedhas [*****.]
Gold:   539        SH:  6    Dex: 10    Spells: 8/10 levels left

rFire   + . .      SeeInvis .    a - +5 hand axe (freeze)
rCold   . . .      Faith    .    c - +0 buckler
rNeg    . . .      Spirit   .    S - +0 plate armour
rPois   .          Reflect  .    r - +2 helmet
rElec   .          Harm     .    z - +1 cloak "Bifimish" {+Inv}
rCorr   .          Rampage  .    l - +0 pair of gloves
Will    +....                    i - +2 pair of boots
Stlth   ..........               k - amulet of regeneration
HPRegen 1.16/turn                q - ring of protection from fire
MPRegen 0.14/turn                R - ring of willpower

@: mighty, lethally poisoned (0 -> -2)
A: no striking features
a: Renounce Religion, Evoke Invisibility, Wall of Briars, Grow Ballistomycete,
Overgrow, Grow Oklob


You were on level 1 of the Lair of Beasts.
You worshipped Fedhas.
Fedhas was extremely pleased with you.
You visited 4 branches of the dungeon, and saw 12 of its levels.
You also visited: Sewer and Bailey.

You collected 539 gold pieces.

Inventory:

Hand Weapons
 a - a +5 hand axe of freezing (weapon)
 b - a +0 sling
 o - the +3 morningstar of Yredelemnul's Hatred {venom, rN+}
   (You found it on level 9 of the Dungeon)

   It poisons the flesh of those it strikes.
   rN:        It protects you from negative energy.
 F - a +0 war axe of chaos
 K - a +0 morningstar of holy wrath
 M - a +0 flail of protection
 P - a +4 trident
 W - a +2 whip of freezing
Missiles
 f - 21 atropa-tipped darts
 g - 12 poisoned darts (quivered)
 x - 5 curare-tipped darts
 Q - 2 throwing nets
 V - 5 javelins
Armour
 c - a +0 buckler (worn)
 h - +0 steam dragon scales
 i - a +2 pair of boots (worn)
 j - a +0 chain mail
 l - a +0 pair of gloves (worn)
 r - a +2 helmet (worn)
 t - a +0 ring mail of positive energy
 z - the +1 cloak "Bifimish" (worn) {+Inv}
   (You found it on level 4 of the Dungeon)

   +Inv:      It lets you turn invisible.
 H - a +1 robe of cold resistance
 S - a +0 plate armour (worn)
Magical Staves
 n - a staff of air
 J - a staff of poison
Jewellery
 k - an amulet of regeneration (around neck)
 q - a ring of protection from fire (left hand)
 I - an amulet of reflection
 R - a ring of willpower (right hand)
 U - a ring of flight
Wands
 C - a wand of mindburst (1)
 N - a wand of flame (19)
Scrolls
 e - 2 scrolls of magic mapping
 s - 2 scrolls of enchant weapon
 y - a scroll of blinking
 D - 3 scrolls of teleportation
 G - a scroll of fog
 O - a scroll of poison {unknown}
Potions
 m - 4 potions of curing
 p - 4 potions of lignification
 u - 5 potions of heal wounds
 v - 3 potions of haste
 w - 2 potions of magic
 A - a potion of brilliance
 B - a potion of berserk rage
 E - 2 potions of flight
 L - a potion of invisibility
 T - a potion of cancellation


   Skills:
 + Level 10.3 Fighting
 + Level 10.8 Axes
 - Level 1.0 Ranged Weapons
 - Level 2.0 Throwing
 + Level 9.4 Armour
 - Level 2.0 Dodging
 + Level 9.4 Shields
 + Level 6.4 Invocations
 - Level 3.0 Evocations


You had 8 spell levels left.
You knew the following spells:

 Your Spells              Type           Power      Damage    Failure   Level
a - Wereblood             Tmut           0%         N/A       100%        2

Your spell library contained the following spells:

 Spells                   Type           Power      Damage    Failure   Level
 Beastly Appendage        Tmut           0%         N/A       99%         1
 Foxfire                  Conj/Fire      0%         2x1d4     99%         1
 Summon Small Mammal      Summ           0%         N/A       99%         1
 Call Canine Familiar     Summ           0%         N/A       100%        3
 Portal Projectile        Hex/Tloc       0%         N/A       100%        3
 Spider Form              Tmut/Pois      0%         N/A       100%        3
 Summon Guardian Golem    Hex/Summ       0%         N/A       100%        3
 Tukima's Dance           Hex            0%         N/A       100%        3
 Animate Dead             Necr           0%         N/A       100%        4
 Blade Hands              Tmut           0%         N/A       100%        5
 Fireball                 Conj/Fire      0%         3d3       100%        5
 Irradiate                Conj/Tmut      0%         3d11      100%        5
 Starburst                Conj/Fire      0%         6d3       100%        6
 Dragon Form              Tmut           0%         N/A       100%        7
 Haunt                    Necr/Summ      0%         N/A       100%        7
 Infestation              Necr           0%         N/A       100%        8


Dungeon Overview and Level Annotations

Branches:
Dungeon (9/15)             Temple (1/1) D:4            Lair (1/5) D:9
    Orc (1/2) D:9           Sewer (visited)          Bailey (visited)

Altars:
Ashenzari
Cheibriados
Dithmenos
Elyvilon
Fedhas
Gozag
Hepliaklqana
Kikubaaqudgha
Makhleb
Nemelex Xobeh
Okawaru
Qazlal
Ru
Sif Muna
Trog
Uskayaw
Vehumet
Wu Jian
Xom
Yredelemnul
Zin
The Shining One

Shops:
D:1 !

Annotations:
D:8 exclusion: orange crystal statue


Message History

You feel very sick.
You feel very sick.
The cane toad is no longer moving slowly.
You slash the cane toad! You freeze the cane toad.
The cane toad is heavily wounded.
You feel sick. The cane toad stings you.
You are more poisoned.
The cane toad poisons you!
You feel very mighty all of a sudden.
You feel very sick.
The komodo dragon is no longer moving slowly.
The cane toad stings you but does no damage.
You block the komodo dragon's attack.
You slash the cane toad!
The cane toad seems to slow down.
You freeze the cane toad!
You kill the cane toad!
Fedhas appreciates your contribution to the ecosystem.
You hit the komodo dragon. You freeze the komodo dragon.
You slash the komodo dragon!
The komodo dragon seems to slow down.
You freeze the komodo dragon.
You feel very sick. The komodo dragon closely misses you.
You feel very sick. You block the komodo dragon's attack.
The komodo dragon barely misses you. x2
You see here a cane toad corpse.
You barely miss the komodo dragon.
The komodo dragon is lightly wounded.
You slash the komodo dragon!
The komodo dragon seems to slow down.
You freeze the komodo dragon.
You kill the komodo dragon!
Fedhas appreciates your contribution to the ecosystem.
You hit the komodo dragon. You freeze the komodo dragon.
You feel sick. The komodo dragon bites you!
* * * LOW HITPOINT WARNING * * *
You slash the komodo dragon! You freeze the komodo dragon.
The komodo dragon is heavily wounded.
You slash the komodo dragon! You freeze the komodo dragon.
You feel sick. The komodo dragon bites you!!
You die...
Fedhas appreciates your contribution to the ecosystem.

....................
...................
...................
..............)##
####+P##........# #
#.##........## ...
... ##.......##...#
#.. +.............#
#. #P...†@l......#
##....l####....
...........# #..
........#.## #
##P.....#...
##.....# .##
........ ..
......... ..
......... ...


You could see 2 komodo dragons.

Vanquished Creatures
  A two-headed ogre (Bailey)
  Erica (D:8)
  A cane toad (Lair:1)
  3 komodo dragons (Lair:1)
  Prince Ribbit (D:6)
  4 spriggans (Bailey)
  A shadow (D:9)
  3 wyverns
  A human (D:8)
  7 yaks
  2 steam dragons
  4 hogs (D:8)
  Menkaure (D:6)
  A water moccasin (D:9)
  2 black bears
  An orc warrior (D:9)
  A sky beast (D:7)
  An ice beast (D:5)
  6 ogres (Bailey)
  2 centaurs (D:9)
  Blork the orc (D:6)
  A gnoll sergeant (D:7)
  2 kobold brigands
  A necrophage (D:7)
  A bullfrog (D:8)
  10 wights
  5 killer bees (D:9)
  3 howler monkeys (D:8)
  2 hounds
  A jelly (D:8)
  A gnoll bouda (D:9)
  6 orc priests
  3 iguanas (D:7)
  Natasha (D:2)
  5 orc wizards
  7 gnolls
  11 adders
  9 river rats (Sewer)
  An ufetubus (D:5)
  A worm (D:4)
  4 dart slugs
  17 orcs
  10 ball pythons
  3 bats (D:1)
  6 endoplasms
  13 giant cockroaches
  12 goblins
  5 hobgoblins
  4 jackals (D:5)
  21 kobolds
  9 quokkas
  3 frilled lizards
  29 rats
252 creatures vanquished.

Vanquished Creatures (others)
  Eustachio (D:6)
  A plant (D:1)
2 creatures vanquished.

Grand Total: 254 creatures vanquished

Notes
Turn   | Place    | Note
-------+----------+-------------------------------------------
     0 | D:1      | Lobster4 the Hill Orc Fighter began the quest for the Orb.
     0 | D:1      | Reached XP level 1. HP: 19/19 MP: 1/1
   226 | D:1      | Reached XP level 2. HP: 27/27 MP: 2/2
   264 | D:1      | Found a faded altar of an unknown god.
   535 | D:1      | Found Zeseimm's Distillery.
   768 | D:2      | Reached XP level 3. HP: 33/33 MP: 3/3
  1064 | D:2      | Found a hazy altar of Hepliaklqana.
  1155 | D:2      | Noticed Natasha
  1162 | D:2      | Killed Natasha
  1163 | D:2      | Reached skill level 1 in Throwing
  1163 | D:2      | Reached XP level 4. HP: 40/40 MP: 4/4
  1623 | D:3      | Found a glowing silver altar of Zin.
  1623 | D:3      | Noticed an angel
  1626 | D:3      | Found a shimmering altar of Xom.
  1643 | D:3      | Learned a level 2 spell: Wereblood
  2098 | D:3      | Found a shimmering blue altar of Sif Muna.
  2215 | D:3      | Reached XP level 5. HP: 47/47 MP: 5/5
  2479 | D:4      | Found a staircase to the Ecumenical Temple.
  2488 | Temple   | Entered the Ecumenical Temple
  2599 | Temple   | Became a worshipper of Fedhas Madash
  2728 | D:4      | Found a glowing drain.
  2732 | Sewer    | Entered a sewer
  2888 | Sewer    | Reached * piety under Fedhas
  2889 | Sewer    | Reached XP level 6. HP: 53/53 MP: 6/6
  2953 | Sewer    | Reached skill level 1 in Invocations
  3025 | Sewer    | Reached ** piety under Fedhas
  3026 | Sewer    | Reached skill level 1 in Dodging
  3101 | Sewer    | Reached skill level 5 in Fighting
  3348 | D:4      | Noticed a black bear
  3356 | D:4      | Killed a black bear
  3357 | D:4      | Reached XP level 7. HP: 56/61 MP: 8/8
  3396 | D:4      | Identified the +1 cloak "Bifimish" {+Inv}
  3824 | D:4      | Reached skill level 5 in Axes
  4005 | D:4      | Reached skill level 1 in Evocations
  4356 | D:5      | Entered Level 5 of the Dungeon
  4579 | D:5      | Reached skill level 5 in Armour
  4624 | D:5      | Reached skill level 5 in Shields
  4639 | D:5      | Reached XP level 8. HP: 60/69 MP: 10/10
  5073 | D:6      | Reached skill level 1 in Ranged Weapons
  5299 | D:6      | Noticed Blork the orc
  5307 | D:6      | Killed Blork the orc
  5396 | D:6      | Found an opulent altar of Gozag.
  5525 | D:6      | Noticed Menkaure
  5531 | D:6      | Killed Menkaure
  5531 | D:6      | Reached *** piety under Fedhas
  5586 | D:6      | Noticed Prince Ribbit
  5600 | D:6      | Killed Prince Ribbit
  5702 | D:6      | Noticed Eustachio
  5719 | D:6      | Killed Eustachio
  5861 | D:7      | Noticed a wyvern
  5866 | D:7      | Killed a wyvern
  5867 | D:7      | Reached XP level 9. HP: 78/78 MP: 11/11
  6018 | D:7      | Found a flagged portal.
  6048 | Bailey   | Entered a bailey
  6465 | Bailey   | Noticed a two-headed ogre
  6494 | Bailey   | Killed a two-headed ogre
  6495 | Bailey   | Reached XP level 10. HP: 90/90 MP: 12/12
  7099 | D:8      | Reached **** piety under Fedhas
  7200 | D:8      | Found a sacrificial altar of Ru.
  7533 | D:8      | Noticed an orange crystal statue
  7715 | D:8      | Found a burning altar of Makhleb.
  7901 | D:8      | Noticed Erica
  7913 | D:8      | Killed Erica
  7914 | D:8      | Reached skill level 10 in Axes
  8014 | D:9      | Found a staircase to the Orcish Mines.
  8036 | D:9      | Reached skill level 5 in Invocations
  8044 | D:9      | Reached XP level 11. HP: 96/99 MP: 14/14
  8175 | D:9      | Reached ***** piety under Fedhas
  8249 | D:9      | Reached skill level 10 in Fighting
  8419 | D:9      | Found a staircase to the Lair.
  8616 | D:9      | Identified the +3 morningstar of Yredelemnul's Hatred
                  | {venom, rN+}
  8912 | Orc:1    | Entered Level 1 of the Orcish Mines
  8912 | Orc:1    | Noticed an orc knight
  8970 | Lair:1   | Entered Level 1 of the Lair of Beasts
  9107 | Lair:1   | Slain by a komodo dragon

Illustrated notes

Levels and vault maps discovered:
D:1:      dpeg_arrival_simpleton_c, layout_rooms, serial_shops,
          nicolae_shop_statue_plus, chequers_ecumenical_altar_lobes,
          kennysheep_minor_cross, minmay_misc_feat_tiny, minmay_hexomino_f4
D:2:      wad_river_or_something, layout_basic, basic_altar, uniq_natasha
D:3:      minmay_roachtagon, layout_basic,
          grunt_temple_overflow_order_and_chaos_1,
          mainiacjoe_overflow_concentric_impassable, serial_rivers,
          chequers_serial_rivers_room_a, chequers_serial_rivers_micro_c,
          chequers_serial_rivers_micro_a, chequers_serial_rivers_large_b,
          corexii_hall_statues_t
D:4:      layout_basic, minmay_temple_entry_grid, gup_sewer_entry_spiral,
          serial_rivers, chequers_serial_rivers_small_a,
          chequers_serial_rivers_large_a, chequers_serial_rivers_micro_b,
          chequers_serial_rivers_micro_a, chequers_serial_rivers_micro_e,
          chequers_serial_rivers_room_a, chequers_mini_garden,
          chequers_big_river, minmay_misc_feat_diagonals
D:5:      layout_loops_cross
D:6:      layout_basic, nicolae_gozag_seed_capital, uniq_blork_the_orc,
          uniq_eustachio, uniq_menkaure, uniq_prince_ribbit1
D:7:      layout_cave_pools, enter_bailey_5, st_stairs_13
D:8:      minmay_statue_hallways, layout_basic, bloody_makhleb,
          hangedman_ru_absence, grunt_livestock, uniq_erica
D:9:      layout_roguey, lair_entry_dummy, orc_0_dummy
Temple:   regret_index_temple_sphere_string
Lair:1:   layout_regular_city, beast_lair_carwin_5, infiniplex_staircase_pool_2,
          uniq_maggie
Orc:1:    layout_caves, serial_shops, shop

Skill      XL: |  1  2  3  4  5  6  7  8  9 10 11 |
---------------+----------------------------------+-----
Axes           | 3 4 5 6 9 10 | 10.8
Fighting       | 4 5 6 8 9 10 | 10.3
Throwing       | 1 2 |  2.0
Shields        | 4 5 6 7 8 9 |  9.4
Armour         | 4 5 6 7 8 9 |  9.4
Invocations    | 2 3 5 6 |  6.4
Dodging        | 1 2 |  2.0
Evocations     | 1 3 |  3.0
Ranged Weapons | 1 |  1.0

Action                   |  1- 3 |  4- 6 |  7- 9 | 10-12 || total
-------------------------+-------+-------+-------+-------++-------
Melee: War axe           |    61 |   225 |   105 |       ||   391
       Hand axe          |       |       |   212 |   277 ||   489
 Fire: Sling             |       |       |    11 |       ||    11
Throw: Dart              |       |     2 |    28 |    12 ||    42
       Boomerang         |       |       |     2 |       ||     2
Evoke: Wand              |       |       |    11 |       ||    11
  Use: Scroll            |     6 |     9 |     6 |     6 ||    27
       Potion            |       |       |     2 |     1 ||     3
Armor: Scale mail        |     7 |       |       |       ||     7
       Chain mail        |    12 |   165 |   158 |   128 ||   463
       Plate armour      |       |       |       |     8 ||     8
Dodge: Dodged            |    26 |   108 |   133 |    64 ||   331
Block: Buckler           |    12 |    56 |    58 |    63 ||   189

Table legend: (Time is in decaauts)
 A = Elapsed time spent in this place.
 B = Non-inter-level travel time spent in this place.
 C = Inter-level travel time spent in this place.
 D = Time resting spent in this place.
 E = Time spent auto-exploring this place.
 F = Levels seen in this place.
 G = Mean time per level.
                   A        B        C        D        E       F      G
               +--------+--------+--------+--------+--------+-----+--------+
         Total |   9349 |   8765 |    584 |    248 |   5983 |  14 |  667.8 |
       Dungeon |   7952 |   7389 |    563 |    137 |   5387 |   9 |  883.6 |
        Temple |    133 |    112 |     21 |      0 |     93 |   1 |  133.0 |
          Lair |    134 |    134 |      0 |      0 |     76 |   1 |  134.0 |
  Orcish Mines |      1 |      1 |      0 |      0 |      0 |   1 |    1.0 |
         Sewer |    525 |    525 |      0 |      0 |    261 |   1 |  525.0 |
        Bailey |    601 |    601 |      0 |    111 |    165 |   1 |  601.0 |
               +--------+--------+--------+--------+--------+-----+--------+

Top non-repeatable levels by time:
     D:4: 1429 daAuts
     D:9: 936 daAuts
     D:3: 933 daAuts
     D:8: 913 daAuts
     D:2: 838 daAuts
     D:6: 815 daAuts
     D:1: 739 daAuts
     D:5: 698 daAuts
     D:7: 647 daAuts
  Bailey: 601 daAuts
   Sewer: 525 daAuts
  Lair:1: 134 daAuts
  Temple: 133 daAuts
   Orc:1: 1 daAuts
